 Dungeon Crawl Stone Soup version 0.27.1-35-g4d5d836560 (webtiles) character file.

Game seed: 10542312176595231745

317 TheNamelessOne the Shield-Bearer (level 6, 0/49 HPs)
             Began as a Formicid Fighter on Oct 20, 2022.
             Succumbed to Sigmund's poison
             ... on level 3 of the Dungeon.
             The game lasted 00:02:54 (2334 turns).

TheNamelessOne the Shield-Bearer (Formicid Fighter) Turns: 2334, Time: 00:02:55

Health: 0/49       AC:  7    Str: 22    XL:     6   Next: 74%
Magic:  6/6        EV:  8    Int:  8    God:
Gold:   94         SH: 10    Dex: 10    Spells: 5/5 levels left

rFire    . . .     SeeInvis +   a - +0 quarterstaff
rCold    . . .     Faith    .   c - +0 kite shield
rNeg     . . .     Spirit   .   b - +0 scale mail
rPois    .         Reflect  .   (helmet unavailable)
rElec    .         Harm     .   (no cloak)
rCorr    .         Rampage  .   (no gloves)
Will     .....                  (no boots)
Stlth    ..........             (no amulet)
HPRegen  0.16/turn              (no ring)
MPRegen  0.10/turn              (no ring)

@: lethally poisoned (0 -> -4), very slightly contaminated, invisible
A: permanent stasis, dig shafts and tunnels, antennae 3, four strong arms
a: Dig, Shaft Self


You were on level 3 of the Dungeon.
You visited 1 branch of the dungeon, and saw 4 of its levels.
You also visited: Sewer.

You collected 94 gold pieces.

Inventory:

Hand Weapons
 a - a +0 quarterstaff (weapon)
Armour
 b - a +0 scale mail (worn)
 c - a +0 kite shield (worn)
Scrolls
 e - a scroll of fear {unknown}
 f - 3 scrolls of fog {unknown}
 h - a scroll of immolation {unknown}
 i - a scroll of enchant armour {unknown}
 j - a scroll of identify {unknown}
 l - a scroll of vulnerability {unknown}
 m - 2 scrolls of teleportation {unknown}
 n - a scroll of magic mapping {unknown}
Potions
 g - 3 potions of haste


   Skills:
 + Level 4.5 Fighting
 * Level 4.4 Staves
 + Level 4.4 Armour
 + Level 4.9 Shields


You had 5 spell levels left.
You didn't know any spells.
Your spell library contained the following spells:

 Spells                   Type           Power      Damage    Failure   Level
 Passwall                 Tmut/Erth      0%         N/A       98%         2
 Sublimation of Blood     Necr           0%         N/A       98%         2
 Wereblood                Tmut           0%         N/A       98%         2
 Gell's Gravitas          Tloc           0%         N/A       100%        3
 Lesser Beckoning         Tloc           0%         N/A       100%        3
 Ozocubu's Armour         Ice            0%         N/A       100%        3
 Teleport Other           Tloc           0%         N/A       100%        3
 Metabolic Englaciation   Hex/Ice        0%         N/A       100%        5
 Invisibility             Hex            0%         N/A       100%        6
 Simulacrum               Ice/Necr       0%         N/A       100%        6
 Summon Hydra             Summ           0%         N/A       100%        7
 Swiftness                Air            Unusable   N/A       N/A         3

Dungeon Overview and Level Annotations

Branches:
Dungeon (4/15)              Sewer (visited)
 Temple: D:4-7

Altars:

Shops:
D:4 :

Annotations:
D:3 Sigmund
D:4 2 transporters


Innate Abilities, Weirdness & Mutations

You cannot be hasted, slowed, berserked, paralysed or teleported.
You can dig through walls and to a lower floor.
You have a pair of large antennae on your head. (SInv)
Your four strong arms can wield two-handed weapons with a shield.


Message History

Sigmund casts a spell at you. You resist with some effort.
Sigmund hits you but does no damage.
You are poisoned.
You closely miss Sigmund.
Sigmund is moderately wounded.
You feel sick.
You sock Sigmund!
Sigmund is severely wounded.
You feel sick.
Sigmund hits you with a +2 scythe of venom!
You are lethally poisoned!
You barely miss Sigmund.
Sigmund is severely wounded.
* * * LOW HITPOINT WARNING * * *
You feel very sick.
Sigmund points at you and mumbles some strange words.
The magic dart hits you.
* * * LOW HITPOINT WARNING * * *
It was a potion of invisibility.
You fade into invisibility!
* * * LOW HITPOINT WARNING * * *
You feel very sick. Sigmund barely misses you.
You are very lightly contaminated with residual magic.
Unknown command.
You barely miss Sigmund.
Sigmund is severely wounded.
* * * LOW HITPOINT WARNING * * *
You feel sick. You block Sigmund's attack.
You hit Sigmund but do no damage.
Sigmund is severely wounded.
* * * LOW HITPOINT WARNING * * *
You feel very sick.
You hit Sigmund.
Sigmund is severely wounded.
* * * LOW HITPOINT WARNING * * *
You feel sick. You block Sigmund's attack.
Your shield and scale mail prevent you from hitting Sigmund.
Sigmund is severely wounded.
You die...

.. ..# ... ..# #.#
###.# .. ##@#.# #..
#@#{.# ######...
#######.# #........
........#####{###....
########...ool#..{...
#.####{#{#.g..
#{....{{.{{o...
#.......{{#{o..
#.......#.#.{..
#.......#.##.{.


You could see Sigmund (invisible).

Vanquished Creatures
  Purgy (Sewer)
  A black bear (D:3)
  A centaur zombie (D:4)
  An orc wizard (D:3)
  2 adders
  A worm (D:2)
  3 orcs (D:3)
  A bat (D:2)
  7 endoplasms
  3 giant cockroaches (D:1)
  3 goblins
  5 hobgoblins
  7 kobolds
  A quokka (D:4)
  3 ball pythons
  4 frilled lizards (Sewer)
  5 rats
49 creatures vanquished.

Notes
Turn   | Place    | Note
-------+----------+-------------------------------------------
     0 | D:1      | TheNamelessOne the Formicid Fighter began the quest for the
                  | Orb.
     0 | D:1      | Reached XP level 1. HP: 18/18 MP: 1/1
   241 | D:1      | Reached XP level 2. HP: 17/24 MP: 2/2
   547 | D:1      | Found a faded altar of an unknown god.
   868 | D:2      | Reached XP level 3. HP: 27/27 MP: 3/3
  1417 | D:2      | You fall into a shaft and drop 2 floors!
  1417 | D:4      | Found Tevad's Book Shoppe.
  1429 | D:4      | Reached XP level 4. HP: 27/37 MP: 4/4
  1553 | D:4      | Found a transporter.
  1569 | D:4      | Found a transporter.
  1798 | D:4      | Found a glowing drain.
  1798 | D:4      | Noticed a black bear
  1810 | Sewer    | Entered a sewer
  1830 | Sewer    | Noticed Purgy
  1853 | Sewer    | Killed Purgy
  1854 | Sewer    | Reached XP level 5. HP: 7/42 MP: 5/5
  2257 | D:3      | Killed a black bear
  2258 | D:3      | Reached XP level 6. HP: 8/49 MP: 6/6
  2260 | D:3      | Noticed Sigmund
  2333 | D:3      | HP: 2/49 [poisoned by Sigmund]
  2334 | D:3      | Succumbed to Sigmund's poison

Illustrated notes

Levels and vault maps discovered:
D:1:      scummos_arrival_simple_crosswalls, layout_rooms,
          basic_ecumenical_altar, grunt_decor_arrowhead
D:2:      layout_loops_ring, minivault_14, hex_large, nicolae_underground_beach
D:3:      minmay_wonky_spiral, layout_loops_cross, nicolae_vehumet_radiance,
          uniq_terence, uniq_sigmund
D:4:      gammafunk_cloud_chamber, layout_basic, serial_shops, shop,
          cheibrodos_sewer_entry_sluice, grunt_ministairs_7,
          roderic_serpentine_path

Skill      XL: |  1  2  3  4  5 |
---------------+----------------+-----
Shields        | 4 |  4.9
Staves         | 3 4 |  4.4
Fighting       | 4 |  4.5
Armour         | 4 |  4.4

Action                   |  1- 3 |  4- 6 || total
-------------------------+-------+-------++-------
Melee: Quarterstaff      |    94 |   101 ||   195
 Abil: Dig               |       |     1 ||     1
  Use: Potion            |       |     5 ||     5
Armor: Scale mail        |    43 |    62 ||   105
Dodge: Dodged            |    29 |    48 ||    77
Block: Kite shield       |    47 |    71 ||   118
